 Dungeon Crawl Stone Soup version 0.30-a0-39-g42789b21ef (webtiles) character file.

Game seed: 8334182700531370296

648 ytrimaz the Sneak (level 7, -2/43 HPs)
             Began as an Octopode Transmuter on Aug 28, 2022.
             Slain by a sky beast (3 damage)
             ... on level 4 of the Dungeon.
             The game lasted 00:06:30 (5424 turns).

ytrimaz the Sneak (Octopode Transmuter)             Turns: 5424, Time: 00:06:30

Health: -2/43      AC:  2    Str:  9    XL:     7   Next: 53%
Magic:  11/12      EV: 19    Int: 23    God:
Gold:   123        SH:  0    Dex: 18    Spells: 3/13 levels left

rFire   . . .      SeeInvis .      - Unarmed
rCold   . . .      Faith    .    (shield currently unavailable)
rNeg    . . .      Spirit   .    (helmet currently unavailable)
rPois   x          Reflect  .    b - amulet of magic regeneration
rElec   .          Harm     .    n - +6 ring of intelligence
rCorr   .          Rampage  .    (no ring)
Will    .....                    (no ring)
Stlth   +++.......               (no ring)
HPRegen 0.14/turn                (no ring)
MPRegen 0.53/turn                (no ring)
                                 (no ring)
                                 (no ring)

@: spider-form
A: venomous fangs, almost no armour, (amphibious), 8 rings, tiny, (camouflage
1), (gelatinous body 1), (nimble swimmer 1), (tentacles)
a: End Transformation


You were on level 4 of the Dungeon.
You were a venomous arachnid creature.
You visited 1 branch of the dungeon, and saw 4 of its levels.

You collected 123 gold pieces.

Inventory:

Missiles
 k - a throwing net
Jewellery
 b - an amulet of magic regeneration (around neck)
 m - an amulet of the acrobat
 n - a +6 ring of intelligence (left front leg)
Scrolls
 a - 2 scrolls of poison
 c - 2 scrolls of teleportation
 d - a scroll of summoning
 g - 2 scrolls of enchant weapon
 l - a scroll of immolation
Potions
 e - a potion of flight {unknown}
 f - 2 potions of lignification
 i - a potion of heal wounds {unknown}
 o - a potion of might {unknown}
 q - a potion of mutation {unknown}
 r - a potion of cancellation {unknown}


   Skills:
 - Level 1.0 Fighting
 - Level 2.0 Dodging
 - Level 5.2 Stealth
 - Level 4.0 Unarmed Combat
 + Level 3.6 Spellcasting
 + Level 4.1 Transmutations
 * Level 1.3 Ice Magic
 - Level 4.0 Poison Magic


You had 3 spell levels left.
You knew the following spells:

 Your Spells              Type           Power      Damage    Failure   Level
a - Beastly Appendage     Tmut           46%        N/A       8%          1
b - Wereblood             Tmut           23%        N/A       11%         2
c - Spider Form           Tmut/Pois      22%        N/A       17%         3
d - Ice Form              Ice/Tmut       16%        N/A       56%         4

Your spell library contained the following spells:

 Spells                   Type           Power      Damage    Failure   Level


Dungeon Overview and Level Annotations

Branches:
Dungeon (4/15)
 Temple: D:4-7

Altars:
Hepliaklqana
Okawaru


Innate Abilities, Weirdness & Mutations

You are a venomous arachnid creature.
You have poisonous fangs.
You are tiny and dextrous.
Your spellcasting is less reliable in this form.
Your armour is entirely melded.
You are incapable of wielding weapons or throwing items.
You cannot wear most types of armour.
((You are amphibious.))
You can wear up to eight rings at the same time.
((Your skin changes colour to match your surroundings (Stealth+).))
((Your rubbery body absorbs attacks. (AC +1, EV +1)))
((You are camouflaged when in or above water. (Stealth+)))
((You have tentacles for arms and can constrict up to eight enemies at once.))


Message History

Okay, then.
Your transformation has ended.
Found a stone staircase leading down.
You see here a +0 dagger.
Casting: Spider Form (dangerous; 6% risk of failure)
Confirm with . or Enter, or press ? or * to list all spells.
You miscast Spider Form.
You are very lightly contaminated with residual magic.
Nothing appears to happen.
Casting: Spider Form (dangerous; 6% risk of failure)
Confirm with . or Enter, or press ? or * to list all spells.
You turn into a venomous arachnid creature.
You barely miss the sky beast. The sky beast hits you.
The sky beast shocks you.
You hit the sky beast but do no damage. The sky beast hits you.
The sky beast shocks you.
You hit the sky beast.
The sky beast is poisoned.
The sky beast is lightly wounded.
The sky beast flickers out of sight!
Deactivating autopickup; reactivate with Ctrl-A.
Something hits you. Something shocks you.
No target in view!
You bite something! Something hits you. Something shocks you.
You are too injured to fight recklessly!
You hit something. Something hits you. Something shocks you.
* * * LOW HITPOINT WARNING * * *
Your magical contamination has completely faded away.
You hit something but do no damage. Something hits you.
* * * LOW HITPOINT WARNING * * *
Something shocks you.
* * * LOW HITPOINT WARNING * * *
Unknown command.
You feel better. Something hits you.
* * * LOW HITPOINT WARNING * * *
Something shocks you.
* * * LOW HITPOINT WARNING * * *
Unknown command.
Okay, then.
Something hits you.
You die...

#. . ## ##########
####. ..# #.....##.#
...##.. #.......###
#..{## .........<#
##.s..##..
..........#
##.)......>.
#.........#
#....##..#..
##........#
#..####.##
..........###.......#
.......#..##..#.#.#.#
.......##...>.### #
...######[.##.#
.....##..........


There were no monsters in sight!

Vanquished Creatures
  Sigmund (D:2)
  An ogre (D:4)
  3 scorpions (D:4)
  Robin (D:4)
  4 gnolls (D:3)
  8 adders
  A white imp (D:4)
  An ufetubus (D:4)
  A worm (D:3)
  2 dart slugs (D:1)
  3 orcs
  3 ball pythons
  3 endoplasms
  6 giant cockroaches
  10 goblins (D:4)
  12 hobgoblins
  3 jackals (D:3)
  A quokka (D:4)
  4 bats
  3 frilled lizards
  9 kobolds
  9 rats
89 creatures vanquished.

Notes
Turn   | Place    | Note
-------+----------+-------------------------------------------
     0 | D:1      | ytrimaz the Octopode Transmuter began the quest for the
                  | Orb.
     0 | D:1      | Reached XP level 1. HP: 13/13 MP: 3/3
    64 | D:1      | Reached skill level 1 in Stealth
    68 | D:1      | Reached XP level 2. HP: 12/18 MP: 5/5
   594 | D:1      | Reached skill level 2 in Stealth
  1069 | D:1      | Reached XP level 3. HP: 18/23 MP: 4/6
  1285 | D:2      | Learned a level 2 spell: Wereblood
  1289 | D:2      | Learned a level 3 spell: Spider Form
  1508 | D:2      | Found a faded altar of an unknown god.
  1547 | D:2      | Noticed Sigmund
  2121 | D:2      | HP: 1/23 [something/magic dart (8)]
  2123 | D:2      | Killed Sigmund
  2124 | D:2      | Reached skill level 3 in Stealth
  2124 | D:2      | Reached XP level 4. HP: 2/28 MP: 0/7
  2124 | D:2      | Reached XP level 5. HP: 2/33 MP: 0/8
  2550 | D:2      | Found a hazy altar of Hepliaklqana.
  2675 | D:2      | Reached XP level 6. HP: 32/38 MP: 7/9
  3138 | D:2      | Learned a level 4 spell: Ice Form
  3146 | D:3      | Found an iron altar of Okawaru.
  3272 | D:3      | Reached skill level 4 in Stealth
  4355 | D:4      | Reached XP level 7. HP: 38/43 MP: 11/11
  4410 | D:4      | Reached skill level 5 in Stealth
  4569 | D:4      | Noticed Robin
  4584 | D:4      | Killed Robin
  5405 | D:4      | Reached skill level 1 in Ice Magic
  5422 | D:4      | HP: 2/43 [something (5)]
  5424 | D:4      | Slain by a sky beast

Illustrated notes

Levels and vault maps discovered:
D:1:      arrival_zaba_pyramid, layout_rooms
D:2:      layout_loops_ring, serial_rivers, chequers_serial_rivers_micro_d,
          chequers_serial_rivers_micro_d, chequers_serial_rivers_micro_c,
          chequers_serial_rivers_micro_a, chequers_serial_rivers_micro_a,
          chequers_serial_rivers_marsh, basic_altar,
          chequers_ecumenical_altar_twisty, uniq_sigmund
D:3:      layout_loops_ring, okawaru_trees_1, st_stairs_14,
          minmay_misc_feat_iff, serial_bayou_pond_e,
          minmay_fractal_squares_gapless_5
D:4:      layout_cave_pools, tgw_fedhas, minmay_liquid_box, amethyst_killhole,
          kennysheep_cross_bottleneck, palyth_stone_intersect, dk_vineyard_1,
          nicolae_underground_beach, uniq_robin

Skill      XL: |  1  2  3  4  5  6  7 |
---------------+----------------------+-----
Stealth        | 1 2 3 4 5 |  5.2
Unarmed Combat | 4 |  4.0
Poison Magic   | 2 3 4 |  4.0
Transmutations | 3 4 |  4.1
Spellcasting   | 3 |  3.6
Ice Magic      | 1 |  1.3
Fighting       | |  1.0
Dodging        | |  2.0

Action                   |  1- 3 |  4- 6 |  7- 9 || total
-------------------------+-------+-------+-------++-------
Melee: Unarmed           |    61 |    85 |    66 ||   212
       Constrict         |    13 |    14 |     2 ||    29
       Tentacles         |    10 |     8 |       ||    18
       Kick              |     7 |     5 |     2 ||    14
 Cast: Beastly Appendage |    17 |    15 |     2 ||    34
       Spider Form       |     2 |     9 |    10 ||    21
       Wereblood         |       |     1 |     1 ||     2
  Use: Potion            |     1 |     1 |     1 ||     3
       Scroll            |     2 |     6 |     2 ||    10
 Stab: Sleeping          |     2 |     9 |     3 ||    14
       Distracted        |       |     1 |       ||     1
Armor: Skin              |    11 |     9 |     4 ||    24
Dodge: Dodged            |    27 |    67 |    47 ||   141
Block: Other             |       |     7 |       ||     7

Table legend: (Time is in decaauts)
 A = Elapsed time spent in this place.
 B = Non-inter-level travel time spent in this place.
 C = Inter-level travel time spent in this place.
 D = Time resting spent in this place.
 E = Time spent auto-exploring this place.
 F = Levels seen in this place.
 G = Mean time per level.
                   A        B        C        D        E       F      G
               +--------+--------+--------+--------+--------+-----+--------+
         Total |   5410 |   5351 |     59 |   1161 |   3276 |   4 | 1352.5 |
       Dungeon |   5410 |   5351 |     59 |   1161 |   3276 |   4 | 1352.5 |
               +--------+--------+--------+--------+--------+-----+--------+

Top non-repeatable levels by time:
     D:1: 2030 daAuts
     D:3: 1137 daAuts
     D:4: 1136 daAuts
     D:2: 1106 daAuts
